 Dungeon Crawl Stone Soup version 0.24-a0-640-ge7cd8ce796 (webtiles) character file.

Game seed: 8416519746010775507, levelgen mode: deterministic

181 Kerapac the Chopper (level 5, 14/45 HPs)
             Began as a Hill Orc Fighter on Sept 25, 2019.
             Was an Initiate of the Shining One.
             Quit the game on level 4 of the Dungeon.
             The game lasted 00:14:01 (3864 turns).

Kerapac the Chopper (Hill Orc Fighter)              Turns: 3864, Time: 00:14:02

Health: 14/45      AC:  6    Str: 20    XL:     5   Next: 61%
Magic:  5/5        EV:  7    Int:  8    God:    the Shining One [......]
Gold:   96         SH: 10    Dex: 10    Spells: 4/4 levels left

rFire    . . .     SeeInvis .   a - +0 war axe
rCold    . . .     Gourm    .   c - +0 shield
rNeg     . . .     Faith    .   b - +0 scale mail
rPois    .         Spirit   .   (no helmet)
rElec    .         Reflect  .   (no cloak)
rCorr    .         Harm     .   (no gloves)
MR       .....                  (no boots)
Stlth    ..........             (no amulet)
HPRegen  0.15/turn              (no ring)
MPRegen  0.09/turn              (no ring)

@: glowing
A: no striking features
a: Renounce Religion


You were on level 4 of the Dungeon.
You worshipped the Shining One.
The Shining One was noncommittal.
You were not hungry.

You visited 1 branch of the dungeon, and saw 4 of its levels.

You collected 96 gold pieces.

Inventory:

Hand Weapons
 a - a +0 war axe (weapon)
 q - a +1 hunting sling of freezing
Missiles
 o - 104 stones (quivered)
Armour
 b - a +0 scale mail (worn)
 c - a +0 shield (worn)
 p - a cursed +0 ring mail
Jewellery
 i - an uncursed ring of fire {unknown}
 l - an uncursed ring of stealth {unknown}
 s - an uncursed amulet of faith {unknown}
Scrolls
 d - a scroll of remove curse
 e - 2 scrolls of fog
 h - 3 scrolls of teleportation
Potions
 j - 3 potions of brilliance {unknown}
 t - a potion of flight
 u - a potion of ambrosia {unknown}
 v - 2 potions of curing {unknown}
Comestibles
 f - 7 rations


   Skills:
 - Level 3.6 Fighting
 + Level 5.6 Axes
 - Level 3.2 Armour
 + Level 5.2 Shields


You had 4 spell levels left.
You didn't know any spells.
Your spell library was empty.

Dungeon Overview and Level Annotations

Branches:
Dungeon (4/15)
 Temple: D:4-7

Altars:
Cheibriados
Okawaru
The Shining One


Message History

The hound barks!
An orc wizard comes into view. It is wielding a +0 dagger.
The hound bites you.
The orc wizard gestures wildly while chanting.
The orc wizard flickers and vanishes!
Deactivating autopickup; reactivate with Ctrl-A.
The hound bites you.
You hit something. You barely miss the hound. The hound barely misses you.
You hear some strange, mumbled words.
Something tries to affect you, but you resist.
The hound barely misses you.
You barely miss something. You barely miss the hound. The hound bites you.
You hear some strange, mumbled words.
A puff of flame appears from out of thin air!
The puff of flame hits you. The hound barely misses you.
You hear some strange, mumbled words.
A magic dart appears from out of thin air!
The magic dart hits you.
The orc throws a boomerang.
The boomerang barely misses you.
The weapon returns to the orc!
Are you sure you want to abandon this character and quit the game? (Confirm with "yes".)

.....o. ...o.. .# #
..#...## ###<#..
#.... ...##........
?#.###<.#..........
..o..#............#
#.#=.............#
#@# ##!...........
#h# #.a..........#
#a# #.#.....?.....
#.###a##.........#
#s##..##..........
#....##..........#
#..####...........
.....# #.......####
#####.# #.....[##


You could see a scorpion, a hound, a worker ant and an orc.

Vanquished Creatures
  A bullfrog (D:3)
  A gnoll (D:1)
  4 adders
  An ooze (D:1)
  A worm (D:2)
  2 dart slugs
  A leopard gecko (D:2)
  A ball python (D:3)
  2 giant cockroaches (D:1)
  6 hobgoblins
  6 jackals (D:1)
  7 bats
  6 frilled lizards
  8 goblins
  5 kobolds
  4 rats
56 creatures vanquished.

Notes
Turn   | Place    | Note
-------+----------+-------------------------------------------
     0 | D:1      | Kerapac the Hill Orc Fighter began the quest for the Orb.
     0 | D:1      | Reached XP level 1. HP: 19/19 MP: 1/1
    33 | D:1      | Reached XP level 2. HP: 26/26 MP: 2/2
   391 | D:1      | Reached XP level 3. HP: 26/31 MP: 3/3
  1402 | D:2      | Reached XP level 4. HP: 38/39 MP: 4/4
  1445 | D:2      | Found an iron altar of Okawaru.
  2126 | D:2      | Found a snail-covered altar of Cheibriados.
  2187 | D:2      | Found a snail-covered altar of Cheibriados.
  2938 | D:3      | Found a glowing golden altar of the Shining One.
  3083 | D:3      | Became a worshipper of the Shining One
  3171 | D:3      | Reached skill level 5 in Axes
  3435 | D:3      | Noticed a bullfrog
  3448 | D:3      | Killed a bullfrog
  3448 | D:3      | Reached skill level 5 in Shields
  3448 | D:3      | Reached XP level 5. HP: 45/45 MP: 5/5
  3864 | D:4      | Quit the game

Levels and vault maps discovered:
D:1:      lemuel_arrival_room, layout_basic, minmay_pentomino_q4
D:2:      layout_loops_corners, kennysheep_slug_shrine, hex_medium,
          kennysheep_flooded_box, kennysheep_okawaru_gauntlet
D:3:      layout_basic, tso_altar, eino_tiny_chamber
D:4:      layout_rooms, marbit_many_paths, gammafunk_temple_overflow_claw,
          grunt_dithmenos_smoke, first_ration

Skill      XL: |  1  2  3  4 |
---------------+-------------+-----
Axes           | 3 4 5 |  5.6
Shields        | 4 5 |  5.2
Fighting       | |  3.6
Armour         | |  3.2

Action                   |  1- 3 |  4- 6 || total
-------------------------+-------+-------++-------
Melee: War axe           |    99 |    97 ||   196
Throw: Stone             |       |    20 ||    20
  Use: Scroll            |       |     9 ||     9
       Potion            |       |     2 ||     2
  Eat: Chunk             |     2 |     5 ||     7
       Ration            |       |     1 ||     1
Armor: Scale mail        |    41 |    44 ||    85
Dodge: Dodged            |    26 |    37 ||    63
Block: Shield            |    49 |    60 ||   109

Table legend:
 A = Non-vault XP
 B = Vault XP
 C = Vault XP percentage of total XP
 D = Non-vault monster count
 E = Vault monster count
 F = Vault count percentage of total count
                 A         B        C        D         E       F
            +---------+---------+-------+---------+---------+-------
      Total |     247 |      12 |   4.6 |      50 |       6 |  10.7
            +---------+---------+-------+---------+---------+-------
        D:1 |      61 |       4 |   6.2 |      25 |       3 |  10.7
        D:2 |      50 |       8 |  13.8 |      14 |       3 |  17.6
        D:3 |     136 |       0 |   0.0 |      11 |       0 |   0.0
            +---------+---------+-------+---------+---------+-------
